Workbook
Name \0: '[1]P&G Build-up'!#REF!
Name \C: '[1]P&G Build-up'!#REF!
Name \Z: '[1]P&G Build-up'!#REF!
Name __PH3: #REF!
Name _A: #REF!
Name _A: #REF!
Name _A: #REF!
Name _A: #REF!
Name _B: #REF!
Name _B: #REF!
Name _B: #REF!
Name _B: #REF!
Name _C: #REF!
Name _C: #REF!
Name _C: #REF!
Name _C: #REF!
Name _D: #REF!
Name _D: #REF!
Name _D: #REF!
Name _D: #REF!
Name _gfa1: #REF!
Name _gfa1: #REF!
Name _gfa1: #REF!
Name _gfa1: #REF!
Name _PH3: #REF!
Name A_0: #REF!
Name A_0: #REF!
Name A_0: #REF!
Name A_0: #REF!
Name A_13: #REF!
Name A_13: #REF!
Name A_13: #REF!
Name A_13: #REF!
Name A_16: #REF!
Name A_16: #REF!
Name A_16: #REF!
Name A_16: #REF!
Name A_17: #REF!
Name A_17: #REF!
Name A_17: #REF!
Name A_17: #REF!
Name A_21: #REF!
Name A_21: #REF!
Name A_21: #REF!
Name A_21: #REF!
Name A_22: #REF!
Name A_22: #REF!
Name A_22: #REF!
Name A_22: #REF!
Name A_23: #REF!
Name A_23: #REF!
Name A_23: #REF!
Name A_23: #REF!
Name A_24: #REF!
Name A_24: #REF!
Name A_24: #REF!
Name A_24: #REF!
Name A_27: #REF!
Name A_27: #REF!
Name A_27: #REF!

Sheet Cover Sheet
B5: BILL OF QUANTITIES
B7: NEW NATIONAL HOSPITAL
B8: MARGETSON HOUSE REFURBISHMENT
B10: St. John, Montserrat
E15: 4 APRIL 2023
B18: Prepared By
B20: Rider Levett Bucknall (St. Lucia) Ltd.
B21: Mercury Court
B22: Choc Estate
B23: P.O. Box CP5747
B24: Castries, St. Lucia
B25: T: 1 758 452 2125 / 6
B27: RLB.com

Sheet Contents
B2: NEW NATIONAL HOSPITAL
B3: MARGETSON HOUSE REFURBISHMENT
B4: ST. JOHN,
B5: MONTSERRAT
B16: CONTRACTOR'S NAME:
B20: CONTRACT AMOUNT: | D20: =Summary!C92 -> 0
B35: CONDITIONS OF CONTRACT
B36: BILLS OF QUANTITIES
B53: APRIL 2023
A59: CONTENTS
B65: Bills of Quantities
B67: 1 | C67: Preliminaries and General Conditions
B69: 2 | C69: Schedule of Drawings
B71: 3 | C71: Measured Works
B73: 4 | C73: Summary

Sheet GD
A3: NEW NATIONAL HOSPITAL ST. JOHN, MONSTERRAT
A5: MARGETSON HOUSE REFURBISHMENT
B13: GENERAL CONDITIONS

Sheet General
B2: NEW NATIONAL HOSPITAL
B3: BILL OF QUANTITIES
B4: MARGETSON HOUSE REFURBISHMENT
B7: GENERAL CONDITIONS
B9: NAMES OF PARTIES
A11: a | B11: "Employer" Shall mean -
B13: Ministry of Health | C13: Telephone:
B14: E.K. Osbourne Building | C14: Fax:
B15: Little Bay | C15: Email:
B16: Montserrat
A18: b | B18: "Architect" shall mean -
B20: Article 25 Humanitarian Architecture | C20: Telephone: +44 (0)20 3197 9800
B21: 1 Canada Square | C21: Email: joseph-davis@article-25.org
B22: E14 5AB | C22: Web: www.article-25.org
B23: United Kingdom
A25: c | B25: "Structural Engineer" shall mean -
B27: Clarkebond | C27: Telephone: +44 (0) 1392 369098
B28: GF Suite, Bickleigh House | C28: Fax: +44 (0) 1392 369100
B29: Park Five Business Centre, | C29: Email: exeter@clarkebond.co.uk
B30: Sowton, Exeter EX2 7HU | C30: Web: www.clarkebond.com
A32: d | B32: "Quantity Surveyor" shall mean -
B34: Rider Levett Bucknall (St. Lucia) Ltd | C34: Telephone: (758) 452 2125
B35: Mercury Court, Choc Estate | C35: Email: david.piper@lc.rlb.com
B36: P.O. Box CP5745, | C36: Web: www.rlb.com
B37: Castries, St. Lucia
A39: e | B39: DESCRIPTION OF WORKS
B41: The works comprise the refurbishment of an existing two level concrete building.
B43: This includes demolition, partitioning, changes to floor, wall and ceiling finishes, electrical, plumbing, HVAC. Adding stair cases, widening main entrance etc.
B45: There are offices, labortories, washrooms, kitchen, storage, service closets etc.
B47: GENERAL MATTERS
A49: e | B49: ACCESS TO SITE
B51: Access will be through the main entrance to the hospital site as agreed with the GoM Supervisor and Hospital Director
A53: f | B53: METHOD OF MEASUREMENT
B55: The Bills of Quantities have been prepared generally in accordance with the Principles of Measurement (International) For Works of Construction 1st Edition June 1979 issued by the Royal Institution of Chartered Surveyors.
A57: g | B57: LEVELS AND SETTING OUT THE WORKS
B59: The Architect shall determine any levels which may be required for the execution of the Works, and shall furnish to the Contractor by way of accurately dimensioned drawings such information as shall enable the Contractor to set out the Works at ground level. Unless the Architect shall otherwise instruct, in which case the contract sum shall be adjusted accordingly, the Contractor shall be responsible for and shall entirely at his own cost amend any errors arising from his own inaccurate setting out.
A61: h | B61: FOREMAN-IN-CHARGE
B63: The Contractor shall constantly keep upon the Works a competent foreman-in-charge and any instructions given to him by the Architect shall be deemed to have been issued to the Contractor.
A65: i | B65: CURRENCY
B67: All reference to currency in this Contract is to Eastern Caribbean Currency.
A69: j | B69: LABOUR LEGISLATION
B71: The Contractor shall comply with all labour legislation in accordance with the requirements of the Government of Montserrat.
B73: The Contractor shall be solely responsible for obtaining and paying for necessary work permits if required for his personnel.
B75: The Contractor shall abide by the decision of the Government in respect of the employment of non Montserratians.
A77: k | B77: TENDER AND CONTRACT DOCUMENTS
B79: The Contractor shall not make any alterations to the tender or contract document except on the written instructions of the Quantity Surveyor.
B81: If any unauthorized amendment is made it shall be ignored and the original text adhered to.
B83: The Contractor is advised to rate and extend every item in the Bill of Quantities for which he requires payment. Any item left unpriced shall be deemed to be allowed for in his rates of other items or elsewhere in the tender. No claim in respect of unpriced items shall be entertained.
A85: l | B85: HANDOVER OF COMPLETED WORK
B87: A provisional date for handing over the work shall be agreed and approximately two weeks prior to this the Architect, subject to his being satisfied that the work is in such a state of readiness shall compile a 'snag' list of omitted and/or defective items and the formal handover shall not take place until all items on the 'snag' list have been completed or remedied.
B89: The Architect shall arrange for the formal handover normally within one week after satisfactory completion by the Contractor of the 'snag ' list.
B91: At the formal handover, a responsible representative of the Contractor shall accompany the Architect together with such other representatives that the Architect may deem necessary, on an inspection of the Works and if such an inspection shows the Works to be completed in every respect the Works shall be taken over. Any minor omissions and/or defects found to exist at this point shall be remedied by the Contractor within seven days.
A93: m | B93: DUTIES AND TAXES
B95: Goods and materials imported for use on this project will be subject to import duty or to VAT at the port of entry. Items purchased locally will be subject to VAT where applicable.
B97: The Contractor should allow for complying with the requirements of the various government departments for preparation and approval of Customs Entries etc.
A99: n | B99: PLANT, TOOLS AND VEHICLES
B101: Allow for providing, maintaining and removing on completion all plant, vehicles, consumable stores and equipment necessary for the proper execution of the Works.
A104: o | B104: SAFETY, HEALTH AND WELFARE
B106: Allow for provision of welfare and safety measures to the standard laid down in the local Welfare Regulations during the Contract, including measures in respect of those employed on the site by Nominated Sub-Contractors.
B108: Allow also for providing an adequate First Aid Kit on site, and for providing industrial safety helmets to all authorized visitors on the site.
A110: p | B110: PAYMENT UNDER STATUTES
B112: Allow for all costs in connection with National Insurance and Pensions.
B114: Allow for all costs in connection with Workmen's Compensation Insurance.
B116: Allow for all costs in connection with any other statute.
B118: Allow for all costs in connection with payments under National Labour Agreements.
B120: Allow for all costs incurred in respect of Annual and Public Holidays.
B122: Allow for costs in respect of transporting people to and from the site.
A124: q | B124: PAYMENT UNDER STATUTES CONT'D
B126: Allow for all other costs and expenses incurred under the National and Local Rules of the Building and Civil Engineering Industries Agreements.
A128: r | B128: WATCHING AND LIGHTING
B130: Allow for watching and lighting and other protection necessary for the security of the Works, materials and plant also for the security of the public.
A132: s | B132: WORK TO OR AFFECTING ADJOINING PROPERTY
B134: The Contractor shall give the Architect seven clear days notice in writing before executing work to or affecting adjoining properties.
A136: t | B136: MAINTENANCE OF ROADS ETC.
B138: The Contractor shall be held responsible for any damage caused by him, his workpeople, Sub-Contractors or Suppliers to verges, trees, shrubs, fences, boundary walls, gates, drains and services during the currency of the contract or his attendance during the defects liability period and shall make good at his own expense to the satisfaction of the Local and/or other authorities and/ or owner.
B140: The Contractor shall keep all roads, paths etc. free from dirt or debris and any obstruction associated with the works which would prejudice the safe and normal use of the said roads and paths.
A142: u | B142: POLICE REGULATIONS
B144: Allow for complying with police regulations and local bye-laws.
A146: v | B146: TRESPASS AND NUISANCE
B148: Allow for taking all necessary precautions to avoid inconveniencing adjoining owners or occupiers.
B150: No workpeople employed on the Works shall be allowed to trespass upon adjoining properties. If the execution of the Works require workpeople to enter adjoining property, the necessary permission shall first be obtained by the Contractor who shall see that these instructions are carried out. The Contractor shall indemnify the Employer against any claim or action arising out of any trespass or other misconduct of the Contractor's, Sub-Contractor's and Suppliers' employees. The Contractor shall not obstruct any public way or do anything that shall amount to a nuisance or annoyance and shall in no way interfere with any right of way or right to adjoining property and any notice served on him or left at site requiring the discontinuance or suspension of the works shall be immediately forwarded by him to the Architect, or in the event of it being given verbally, shall immediately be communicated by him to the Architect and he shall keep the Employer indemnified against any claim or loss arising out of any act, neglect or omission of the Contractor, his Sub- Contractor or Suppliers in this respect.
A152: w | B152: SITE SUPERVISION
B154: Allow for site supervision, including transportation, overheads and other associated costs.
A156: x | B156: TEMPORARY WATER
B158: Allow for all necessary water for the Works from an approved source including removal upon completion
A160: y | B160: TEMPORARY LIGHTING AND POWER
B162: Allow for all necessary electrical and lighting for the Works from an approved source including removal upon completion
A164: z | B164: TEMPORARY BUILDINGS AND RATES
B166: Provide, maintain and remove on completion temporary offices, messrooms, sheds, sanitary accommodation (including for use of the Sub-Contractors) and other temporary buildings for use of the Contractor all in accordance with the statutory regulations; colour of external paintwork to be approved by the Architect.
A168: aa | B168: TEMPORARY HOARDINGS
B170: Provide, maintain and remove on completion temporary fencing, hoardings, fans, planked footway, guard rails, gantries and the like for the proper execution of the work, for the protection of the public and for meeting the requirements of any local or other authority.
A172: bb | B172: TEMPORARY ROADS
B174: Provide and maintain all necessary temporary roads, hard-standings and crossings on site.
A176: cc | B176: ADVERTISEMENTS
B178: No advertisements shall be displayed except those specifically approved in writing by the Architect.
A180: dd | B180: SCAFFOLDING
B182: Provide, maintain and remove on completion all necessary temporary scaffolding and staging.
A184: ee | B184: SAMPLES
B186: Allow for submitting customary samples of materials and goods to the Architect and obtaining his approval.
A188: ff | B188: TESTING
...

Sheet MHBOQ
A3: NEW NATIONAL HOSPITAL ST. JOHN, MONSTERRAT
A5: MARGETSON HOUSE REFURBISHMENT
B13: BILL OF QUANTITIES

Sheet Measured Works
A1: NEW NATIONAL HOSPITAL
A2: MARGETSON HOUSE REFURBISHMENT
A3: BILL OF QUANTITIES
A5: Ref | B5: Description | C5: Unit | D5: Qty | E5: Rate EC$ | F5: Total Cost EC$
B7: 02 EXISTING CONDITIONS
A8: D2010 | B8: Plumbing Fixtures
A9: 19 | B9: Take down, remove existing shower, set aside for potential re-use | C9: No | D9: 8 | F9: =D9*E9 -> 0
A10: 20 | B10: Take down, remove existing WC, set aside for potential re-use | C10: No | D10: 6 | F10: =D10*E10 -> 0
A11: 21 | B11: Take down, remove existing lav sink, set aside for potential re-use | C11: No | D11: 6 | F11: =D11*E11 -> 0
A12: 22 | B12: Take down, remove existing ADA shower, set aside for potential re-use | C12: No | D12: 4 | F12: =D12*E12 -> 0
B13: D2010 - Plumbing Fixtures | F13: =SUM(F9:F12) -> 0
A14: D2090 | B14: Other Plumbing Systems
A15: 354 | B15: Bain Marie: Cut out 1m wide slot in floor slab and dispose of concrete waste where directed onsite | C15: SY | D15: 4 | F15: =D15*E15 -> 0
B16: D-2090 - Other Plumbing Systems | F16: =SUM(F15) -> 0
A17: D3040 | B17: Distribution Systems
A18: 24 | B18: Take down, remove existing AC ductwork and accessories (Room 0.08 Pharmacy Store) - assumed 20" x 20" galv insulated duct | C18: SF | D18: 307 | F18: =D18*E18 -> 0
B19: D3040 - Distribution Systems | F19: =SUM(F18) -> 0
A20: F2010 | B20: Building Elements Demolition
A21: 1 | B21: Carefully take down and remove single leaf door including frame, ironmongery and accessories, set aside for potential re-use | C21: No | D21: 9 | F21: =D21*E21 -> 0
A22: 2 | B22: Carefully take down and remove double leaf door including frame, ironmongery and accessories, set aside for potential re-use | C22: No | D22: 4 | F22: =D22*E22 -> 0
A23: 3 | B23: Carefully take down and remove 4'-0" wide internal window including frame and accessories, set aside for potential re-use | C23: No | D23: 3 | F23: =D23*E23 -> 0
A24: 4 | B24: Take down, remove and dispose partitions where directed on site | C24: LF | D24: 162 | F24: =D24*E24 -> 0
A25: 5 | B25: Take down, remove and dispose walls where directed on site | C25: LF | D25: 88 | F25: =D25*E25 -> 0
A26: 6 | B26: Take down, remove and dispose walls to create door opening where directed on site | C26: LF | D26: 7 | F26: =D26*E26 -> 0
A27: 7 | B27: Removal of tiled upstand in shower, dispose where directed on site | C27: LF | D27: 29 | F27: =D27*E27 -> 0
A28: 8 | B28: Take down, remove and dispose of railing and pillars offsite | C28: LF | D28: 21 | F28: =D28*E28 -> 0
A29: 9 | B29: Take down and remove extension above switch room (assume walls), dispose where directed onsite | C29: LF | D29: 20 | F29: =D29*E29 -> 0
A30: 10 | B30: Stair, walls and pillars to be removed to widen access, dispose where directed on site | C30: SF | D30: 85 | F30: =D30*E30 -> 0
A31: 11 | B31: Removal of kitchen cupboards 2'-0" wide (assume floor mounted only), dispose offsite | C31: LF | D31: 20 | F31: =D31*E31 -> 0
A32: 12 | B32: Removal of nurses station 1'-8" wide, dispose offsite | C32: LF | D32: 6 | F32: =D32*E32 -> 0
... A35: 331 | B35: Take down, remove and dispose where directed onsite veranda balustrades | C35: SF | D35: 215 | F35: =D35*E35 -> 0
B36: F2010 - Building Elements Demolition | F36: =SUM(F21:F35) -> 0
B37: 02 - EXISTING CONDITIONS | F37: =F13+F16+F19+F36 -> 0
B40: 31 EARTHWORK
A41: A1010 | B41: Standard Foundations
A42: 132 | B42: Kitchen extension; excavate trenches for strip footing | C42: CY | D42: 4 | F42: =D42*E42 -> 0
A43: 133 | B43: Kitchen extension; level and compact bottom of trenches to receive concrete | C43: SY | D43: 4 | F43: =D43*E43 -> 0
A44: 134 | B44: Kitchen extension; return fill and ram selected excavated material around foundations | C44: CY | D44: 2 | F44: =D44*E44 -> 0
A45: 135 | B45: Kitchen extension; dispose of surplus excavated material on site | C45: CY | D45: 2 | F45: =D45*E45 -> 0
A46: 136 | B46: Kitchen extension; backfill below slab with well compacted Type 1 material | C46: CY | D46: 2 | F46: =D46*E46 -> 0
A47: 137 | B47: Kitchen extension; DPM - polythene sheet 1000 gauge lapped 12" at joints | C47: SY | D47: 3 | F47: =D47*E47 -> 0
A48: 253 | B48: Excavate trench and pits for entrance foundation wall and column footings | C48: CY | D48: 4 | F48: =D48*E48 -> 0
A49: 254 | B49: Level and compact bottom of trench and pits to receive entrance foundation wall and column footing concrete | C49: SY | D49: 4 | F49: =D49*E49 -> 0
A50: 255 | B50: Return fill and ram selected excavated material around entrance foundation wall and column footings | C50: CY | D50: 2 | F50: =D50*E50 -> 0
A51: 256 | B51: Spread and level surplus excavated material arising from entrance foundation wall and column footing excavation | C51: CY | D51: 2 | F51: =D51*E51 -> 0
A52: 372 | B52: Gas bottles Enclosure; excavate trenches for strip footing | C52: CY | D52: 4 | F52: =D52*E52 -> 0
A53: 373 | B53: Gas bottle Enclosure; level and compact bottom of trenches to receive concrete | C53: SY | D53: 4 | F53: =D53*E53 -> 0
... A57: 377 | B57: Gas Bottle Enclosure; DPM - polythene sheet 1000 gauge lapped 12" at joints | C57: SY | D57: 3 | F57: =D57*E57 -> 0
B58: A1010 - Standard Foundations | F58: =SUM(F42:F57) -> 0
A59: C2010 | B59: Stair Construction
A60: 110 | B60: Excavate pits for escape stairs pad footing | C60: CY | D60: 5 | F60: =D60*E60 -> 0
A61: 111 | B61: Level and compact bottom of pits to receive concrete | C61: SY | D61: 5 | F61: =D61*E61 -> 0
A62: 112 | B62: Return fill and ram selected excavated material around foundations | C62: CY | D62: 3 | F62: =D62*E62 -> 0
A63: 113 | B63: Spread and level surplus excavated material on site | C63: CY | D63: 3 | F63: =D63*E63 -> 0
A64: 162 | B64: Excavate trench for external stair and wall strip footing | C64: CY | D64: 10 | F64: =D64*E64 -> 0
A65: 163 | B65: Level and compact bottom of trench to receive external stair and wall strip footing concrete | C65: SY | D65: 10 | F65: =D65*E65 -> 0
A66: 164 | B66: Return fill and ram selected excavated material around external stair foundation | C66: CY | D66: 4 | F66: =D66*E66 -> 0
A67: 165 | B67: Spread and level surplus excavated material arising from external stair excavation on site | C67: CY | D67: 6 | F67: =D67*E67 -> 0
B68: C2010 - Stair Construction | F68: =SUM(F60:F67) -> 0
A69: D2090 | B69: Other Plumbing Systems
A70: 353 | B70: Bain Marie: Excavate a trial pit to expose slab edge and dispose excavated material in spoil heap for reuse (assumed 2'x1'x1') | C70: SUM | D70: 1 | F70: =D70*E70 -> 0
A71: 355 | B71: Bain Marie: Excavate below slab cut out to install drain run and dispose of excavated material in spoil heap for reuse | C71: CY | D71: 2 | F71: =D71*E71 -> 0
A72: 356 | B72: Bain Marie: Level and compact bottom of excavation | C72: SY | D72: 4 | F72: =D72*E72 -> 0
A73: 357 | B73: Bain Marie: Backfill with selected material on site | C73: CY | D73: 1 | F73: =D73*E73 -> 0
A74: 358 | B74: Bain Marie: Polythene sheet | C74: SY | D74: 4 | F74: =D74*E74 -> 0
B75: D2090 - Other Plumbing Systems | F75: =SUM(F70:F74) -> 0
B76: 31 - EARTHWORK | F76: =F58+F68+F75 -> 0
A78: 03 | B78: CONCRETE
A79: A1010 | B79: Standard Foundations
A80: 126 | B80: Kitchen extension; in-situ concrete to external wall strip footing | C80: CY | D80: 2 | F80: =D80*E80 -> 0
A81: 127 | B81: Kitchen extension; formwork to external wall strip footing | C81: SY | D81: 4 | F81: =D81*E81 -> 0
A82: 129 | B82: Kitchen extension; in-situ concrete slab, 6" thick, include for starter bars fixed into the sides of the existing slab | C82: CY | D82: 1 | F82: =D82*E82 -> 0
A83: 130 | B83: Kitchen extension; Mesh fabric reinforcement to concrete slab, A393 | C83: SY | D83: 8 | F83: =D83*E83 -> 0
A84: 131 | B84: Kitchen extension; formwork to edges of concrete slab 6" high | C84: SY | D84: 1 | F84: =D84*E84 -> 0
A85: 257 | B85: Blinding in bottom of entrance foundation wall footing trench and column footing pits, 2" thick plain in-situ concrete (1:4:8) | C85: SY | D85: 4 | F85: =D85*E85 -> 0
A86: 258 | B86: Reinforced in-situ concrete to entrance foundation wall footing and column footings: 35N/mm2 | C86: CY | D86: 2 | F86: =D86*E86 -> 0
A87: 259 | B87: Reinforcement to entrance foundation wall strip footing; mesh fabric reinforcement BRC A393 | C87: SY | D87: 5 | F87: =D87*E87 -> 0
A88: 260 | B88: Reinforcement to entrance column pad footings, 1/2" diameter bars | C88: Lb | D88: 39 | F88: =D88*E88 -> 0
A89: 261 | B89: Formwork to entrance foundation wall strip footing and column pad footings sides | C89: SY | D89: 5 | F89: =D89*E89 -> 0
A90: 378 | B90: Gas Bottles Enclosure; in-situ concrete to external wall strip footing | C90: CY | D90: 2 | F90: =D90*E90 -> 0
A91: 379 | B91: Gas Bottles Enclosure; formwork to external wall strip footing | C91: SY | D91: 4 | F91: =D91*E91 -> 0
... A94: 382 | B94: Gas Bottles Enclosure; formwork to edges of concrete slab 6" high | C94: SY | D94: 1 | F94: =D94*E94 -> 0
B95: A1010 - Standard Foundations | F95: =SUM(F80:F94) -> 0
A96: B1010 | B96: Floor Construction
A97: 262 | B97: Reinforced in-situ concrete to new entrance columns: 35N/mm2 | C97: CY | D97: 2 | F97: =D97*E97 -> 0
A98: 263 | B98: Reinforcement to new entrance columns, 5/8" diameter bars | C98: Lb | D98: 272 | F98: =D98*E98 -> 0
A99: 264 | B99: Reinforcement to new entrance columns, 3/8" diameter stirrups | C99: Lb | D99: 138 | F99: =D99*E99 -> 0
A100: 265 | B100: Formwork to sides of new entrance columns | C100: SY | D100: 19 | F100: =D100*E100 -> 0
A101: 266 | B101: Reinforced in-situ concrete to new entrance beams: 35N/mm2 | C101: CY | D101: 3 | F101: =D101*E101 -> 0
A102: 267 | B102: Reinforcement to new entrance beams, 5/8" diameter bars | C102: Lb | D102: 261 | F102: =D102*E102 -> 0
A103: 268 | B103: Reinforcement to new entrance beams, 3/8" diameter stirrups | C103: Lb | D103: 254 | F103: =D103*E103 -> 0
A104: 269 | B104: Formwork to sides of new entrance beams | C104: SY | D104: 35 | F104: =D104*E104 -> 0
A105: 271 | B105: Reinforced in-situ concrete to new entrance slab: 35N/mm2 | C105: CY | D105: 4 | F105: =D105*E105 -> 0
A106: 272 | B106: Reinforcement to new entrance slab, 5/8" diameter bars | C106: Lb | D106: 1623 | F106: =D106*E106 -> 0
A107: 273 | B107: Formwork to sides and soffit of new entrance slab | C107: SY | D107: 25 | F107: =D107*E107 -> 0
A108: 295 | B108: Allow for connecting existing columns, beams and slabs to new, 5/8" starter bars resin fixed into existing members including drilling and grouting holes and tying into existing reinforcement as indicated on drawings | C108: Lb | D108: 240 | F108: =D108*E108 -> 0
... A111: 342 | B111: Reinforcement to concrete infill columns; 3/8" diameter stirrups | C111: Lb | D111: 59 | F111: =D111*E111 -> 0
B112: B1010 - Floor Construction | F112: =SUM(F97:F111) -> 0
A113: B1020 | B113: Roof Construction
A114: 276 | B114: Reinforced in-situ concrete to new pitched concrete beams at entrance: 35N/mm2 | C114: CY | D114: 2 | F114: =D114*E114 -> 0
...

Sheet MHS
A3: NEW NATIONAL HOSPITAL ST. JOHN, MONSTERRAT
A5: MARGETSON HOUSE REFURBISHMENT
B13: SUMMARY

Sheet Summary
A1: NEW NATIONAL HOSPITAL
A2: MARGETSON HOUSE REFURBISHMENT
A3: SUMMARY PAGE
A4: Ref | B4: Description | C4: Total Cost EC$
B6: Preliminaries and General Conditions | C6: 0
A8: 02 | B8: Existing Conditions
A9: D2010 | B9: Plumbing Fixtures | C9: ='Measured Works'!F13 -> 0
A10: D2090 | B10: Other Plumbing Systems | C10: ='Measured Works'!F16 -> 0
A11: D3040 | B11: Distribution Systems | C11: ='Measured Works'!F19 -> 0
A12: F2010 | B12: Building Elements Demolition | C12: ='Measured Works'!F36 -> 0
B13: 02 - Existing Conditions | C13: =SUM(C9:C12) -> 0
A14: 31 | B14: Earthwork
A15: A1010 | B15: Standard Foundations | C15: ='Measured Works'!F58 -> 0
A16: C2010 | B16: Stair Construction | C16: ='Measured Works'!F68 -> 0
A17: D2090 | B17: Other Plumbing Systems | C17: ='Measured Works'!F75 -> 0
B18: 31 - Earthwork | C18: =SUM(C15:C17) -> 0
A19: 03 | B19: Concrete
A20: A1010 | B20: Standard Foundations | C20: ='Measured Works'!F95 -> 0
A21: B1010 | B21: Floor Construction | C21: ='Measured Works'!F112 -> 0
A22: B1020 | B22: Roof Construction | C22: ='Measured Works'!F118 -> 0
A23: C2010 | B23: Stair Construction | C23: ='Measured Works'!F140 -> 0
A24: D2090 | B24: Other Plumbing Systems | C24: ='Measured Works'!F145 -> 0
A25: G2030 | B25: Pedestrian Paving | C25: ='Measured Works'!F153 -> 0
B26: 03 - Concrete | C26: =SUM(C20:C25) -> 0
A27: 04 | B27: Masonry
A28: A1010 | B28: Standard Foundations | C28: ='Measured Works'!F160 -> 0
A29: B2010 | B29: Exterior Walls | C29: ='Measured Works'!F165 -> 0
A30: C1010 | B30: Partitions | C30: ='Measured Works'!F169 -> 0
A31: C2010 | B31: Stair Construction | C31: ='Measured Works'!F173 -> 0
B32: 04 - Masonry | C32: =SUM(C28:C31) -> 0
A33: 05 | B33: Metals
A34: B1020 | B34: Roof Construction | C34: ='Measured Works'!F185 -> 0
B35: 05 - Metals | C35: =SUM(C34) -> 0
A36: 06 | B36: Wood, Plastics, and Composites
A37: B1020 | B37: Roof Construction | C37: ='Measured Works'!F209 -> 0
A38: C3020 | B38: Floor Finishes | C38: ='Measured Works'!F213 -> 0
B39: 06 - Wood, Plastics, and Composites | C39: =SUM(C37:C38) -> 0
A40: 07 | B40: Thermal and Moisture Protection
A41: C2010 | B41: Stair Construction | C41: ='Measured Works'!F219 -> 0
B42: 07 - Thermal and Moisture Protection | C42: =SUM(C41) -> 0
A43: 08 | B43: Openings
A44: B2020 | B44: Exterior Windows | C44: ='Measured Works'!F224 -> 0
A45: B2030 | B45: Exterior Doors | C45: ='Measured Works'!F231 -> 0
A46: C1020 | B46: Interior Doors | C46: ='Measured Works'!F239 -> 0
B47: 08 - Openings | C47: =SUM(C44:C46) -> 0
A48: 09 | B48: Finishings
A49: C1020 | B49: Interior Doors | C49: ='Measured Works'!F245 -> 0
A50: C2020 | B50: Stair Finishes | C50: ='Measured Works'!F252 -> 0
A51: C3010 | B51: Wall Finishes | C51: ='Measured Works'!F270 -> 0
A52: C3020 | B52: Floor Finishes | C52: ='Measured Works'!F275 -> 0
A53: C3030 | B53: Ceiling Finishes | C53: ='Measured Works'!F284 -> 0
B54: 09 - Finishings | C54: =SUM(C49:C53) -> 0
A55: 10 | B55: Specialties
A56: B2030 | B56: Exterior Doors | C56: ='Measured Works'!F292 -> 0
A57: C1020 | B57: Interior Doors | C57: ='Measured Works'!F299 -> 0
A58: C1030 | B58: Fittings | C58: ='Measured Works'!F308 -> 0
B59: 10 - Specialties | C59: =SUM(C56:C58) -> 0
A60: 12 | B60: Furnishings
A61: E2010 | B61: Fixed Furnishings | C61: ='Measured Works'!F337 -> 0
A62: E2020 | B62: Movable Furnishings | C62: ='Measured Works'!F340 -> 0
B63: 12 - Furnishings | C63: =SUM(C61:C62) -> 0
A64: 22 | B64: Plumbing
A65: D2010 | B65: Plumbing Fixtures | C65: ='Measured Works'!F355 -> 0
A66: D2020 | B66: Domestic Water Distribution | C66: ='Measured Works'!F372 -> 0
A67: D2030 | B67: Sanitary Waste | C67: ='Measured Works'!F381 -> 0
A68: D2040 | B68: Rain Water Drainage | C68: ='Measured Works'!F384 -> 0
A69: D2090 | B69: Other Plumbing Systems | C69: ='Measured Works'!F390 -> 0
B70: 22 - Plumbing | C70: =SUM(C65:C69) -> 0
A71: 23 | B71: Heating, Ventilating, and Air Conditioning
A72: D3030 | B72: Cooling Generating Systems | C72: ='Measured Works'!F410 -> 0
A73: D3040 | B73: Distribution Systems | C73: ='Measured Works'!F443 -> 0
A74: D3060 | B74: Controls & Instrumentations | C74: ='Measured Works'!F446 -> 0
B75: 23 - Heating, Ventilating, and Air Conditioning | C75: =SUM(C72:C74) -> 0
A76: 26 | B76: Electrical
A77: D5010 | B77: Electrical Service & Distribution | C77: ='Measured Works'!F454 -> 0
A78: D5020 | B78: Lighting and Branch Wiring | C78: ='Measured Works'!F486 -> 0
B79: 26 - Electrical | C79: =SUM(C77:C78) -> 0
A80: 27 | B80: Communications
A81: D5030 | B81: Communications & Security | C81: ='Measured Works'!F494 -> 0
B82: 27 - Communications | C82: =SUM(C81) -> 0
A83: 28 | B83: Electronic Safety and Security
A84: D5090 | B84: Other Electrical Systems | C84: ='Measured Works'!F505 -> 0
B85: 28 - Electronic Safety and Security | C85: =SUM(C84) -> 0
A92: TOTAL CONSTRUCTION COST | C92: =C6+C13+C26+C32+C35+C39+C42+C47+C54+C59+C63+C70+C75+C79+C82+C85+C18 -> 0
